 Dungeon Crawl Stone Soup version 0.18-a0-1045-g4e042de (webtiles) character file.

65 M4edhros the Charlatan (level 4, -2/28 HPs)
             Began as an Octopode Artificer on Jan 11, 2016.
             Slain by a hobgoblin (4 damage)
             ... on level 2 of the Dungeon.
             The game lasted 00:01:27 (810 turns).

M4edhros the Charlatan (Octopode Artificer)          Turns: 810, Time: 00:01:27

Health: -2/28      AC:  1    Str: 10    XL:     4   Next: 13%
Magic:  6/6        EV: 10    Int: 14    God:
Gold:   130        SH:  7    Dex: 13    Spells: 0 memorised, 3 levels left

rFire  . . .     SeeInvis .     e - +0 mace (curse)
rCold  . . .     Gourm    .     o - +0 shield
rNeg   . . .     Faith    .     (helmet restricted)
rPois  .         Spirit   .     (no amulet)
rElec  .         Dismiss  .     (no ring)
rCorr  .         Reflect  .     (no ring)
SustAt .         Harm     .     (no ring)
MR     .....                    (no ring)
Stlth  ++++......               (no ring)
                                (no ring)
                                (no ring)
                                (no ring)

@: not resistant to hostile enchantments, stealthy
A: almost no armour, amphibious, 8 rings, constrict 8, camouflage 1, gelatinous
body 1
a: no special abilities


You were on level 2 of the Dungeon.
You were not hungry.

You visited 1 branch of the dungeon, and saw 2 of its levels.

You collected 130 gold pieces.

Inventory:

Hand Weapons
 a - a +0 short sword
 e - a cursed +0 mace (weapon)
Missiles
 i - 71 stones (quivered)
 p - 8 sling bullets
Armour
 o - a +0 shield (worn)
Wands
 b - a wand of flame (15/48)
 c - a wand of enslavement (15/24)
 d - a wand of random effects (12/48)
Scrolls
 h - 2 scrolls of identify {unknown}
 j - a scroll of amnesia {unknown}
 k - a scroll of remove curse {unknown}
 m - a scroll of teleportation {unknown}
 q - a scroll of recharging {unknown}
Potions
 g - 2 potions of curing {unknown}
 n - a potion of degeneration {unknown}
Comestibles
 f - a bread ration
 l - a slice of pizza


   Skills:
 - Level 1.0 Fighting
 - Level 1.0 Short Blades
 * Level 2.8 Dodging
 * Level 3.3 Stealth
 * Level 1.6 Shields
 + Level 3.5 Evocations


You had 3 spell levels left.
You didn't know any spells.

Dungeon Overview and Level Annotations

Branches:
Dungeon (2/15)

Altars:
Trog


Innate Abilities, Weirdness & Mutations

You cannot wear most types of armour.
You are amphibious.
You can wear up to eight rings at the same time.
You can use your tentacles to constrict eight enemies at once.
Your skin changes colour to match your surroundings (Stealth).
Your rubbery body absorbs attacks (AC +1).


Message History

The hobgoblin throws a stone.
The stone hits you.
The hobgoblin throws a stone.
The stone hits you but does no damage.
Found a bloodstained altar of Trog.
A hobgoblin comes into view.
The hobgoblin shouts!
The hobgoblin throws a stone.
The stone hits you.
The hobgoblin throws a stone.
The stone barely misses you.
You see here 2 stones.
The hobgoblin throws a stone.
The stone barely misses you.
The hobgoblin throws a stone.
You block the stone.
You see here a stone.
The hobgoblin hits you.
* * * LOW HITPOINT WARNING * * *
You block the hobgoblin's attack. The hobgoblin closely misses you.
You block the hobgoblin's attack.
You are too injured to fight recklessly!
The hobgoblin hits you.
* * * LOW HITPOINT WARNING * * *
The hobgoblin hits you.
You die...

....... ######.#####
#...........
###+####.#####
#####...)....####.
#######.....#.).##.
##.._..##..#.#)#.##.
#.≈...≈.#..#.#†#.##.
#.≈@.≈≈.#b.#.#.#.###
#.g≈g≈..#..#.#)#.#
##.≈.≈.##..#.#.#.#
###(#######.#.#.###
.##########(#
#.......#....
.........##.#
#.###.###....
............# #.#
#.# #....
.....)....(.# #.#
#.###...#
......[([..(# #.#
#........


You could see 2 hobgoblins.

Vanquished Creatures
  3 gnolls (D:2)
  A worm (D:2)
  A ball python (D:1)
  8 goblins
  3 hobgoblins
  4 bats
  4 giant newts (D:1)
  8 kobolds
  3 rats
35 creatures vanquished.

Notes
Turn   | Place    | Note
--------------------------------------------------------------
     0 | D:1      | M4edhros the Octopode Artificer began the quest for the Orb.
     0 | D:1      | Reached XP level 1. HP: 13/13 MP: 3/3
    83 | D:1      | Reached XP level 2. HP: 12/18 MP: 4/4
   721 | D:2      | Reached XP level 3. HP: 14/23 MP: 5/5
   732 | D:2      | Reached skill level 1 in Shields
   737 | D:2      | Reached XP level 4. HP: 12/28 MP: 6/6
   805 | D:2      | Found a bloodstained altar of Trog.
   810 | D:2      | Slain by a hobgoblin

Vault maps used:
D:1:      dpeg_arrival_shrine, minmay_misc_feat_room
D:2:      trog_hazing_becter

Action                   |  1- 3 |  4- 6 || total
-------------------------+-------+-------++-------
Melee: Mace              |    52 |    12 ||    64
       Short sword       |     4 |       ||     4
Evoke: Wand              |     3 |       ||     3
 Stab: Sleeping          |     5 |       ||     5
